[Event "Championnat du monde jeunes U10"]
[Date "2024.11.19"]
[White "Perez Solanas, Hugo"]
[Black "Zuo, Junyu"]
[WhiteElo "1824"]
[BlackElo "2120"]
[Round "5.7"]
[Result "1/2-1/2"]
[TimeControl "5400+30"]

1. e4 c5 2. Nf3 e6 3. d4 cxd4 4. Nxd4 Nc6 5. Nc3 Qc7 6. Ncb5 Qb8 7. Bd3 Nf6 8. O-O a6 9. Nxc6 bxc6 10. Nc3 Be7 11. Qe2 d6 12. b3 O-O 13. Bb2 e5 14. Rae1 Bg4 15. f3 Be6 16. f4 exf4 17. Rxf4 Re8 18. Kh1 a5 19. Na4 Nd7 20. Ref1 Nf8 21. Bc4 d5 22. exd5 cxd5 23. Qf3 f6 24. Bxd5 Ra6 25. Rg4 Kh8 26. Bxe6 Rxe6 27. Rd4 Bd6 28. h3 Ng6 29. Nc3 Re3 30. Qd1 Bg3 31. Qg4 Qc7 32. Re4 R3xe4 33. Nxe4 Bf4 34. Nc3 Bd2 35. Qf3 Ne5 36. Qg3 Rc8 37. Rd1 Bh6 38. Qf2 Bg5 39. Qd4 h5 1/2-1/2

[Variant "Standard"]
[Site "Europe Echecs"]

[Event "Championnat du monde jeunes U10"]
[Date "2024.11.19"]
[White "Shangin, Lev"]
[Black "Jani, Aakash"]
[WhiteElo "2056"]
[BlackElo "1810"]
[Round "5.8"]
[Result "0-1"]
[TimeControl "5400+30"]

1. d4 Nf6 2. c4 g6 3. Nc3 Bg7 4. e4 d6 5. Nf3 O-O 6. Be2 e5 7. O-O exd4 8. Nxd4 Re8 9. f3 c6 10. Nc2 Na6 11. Be3 Nc7 12. Qd2 Be6 13. Rad1 d5 14. exd5 cxd5 15. c5 Qe7 16. Bf2 Rad8 17. Nd4 Nd7 18. b4 Ne5 19. Ndb5 Nxb5 20. Nxb5 Nc4 21. Bxc4 dxc4 22. Qc2 Be5 23. Bg3 Bxg3 24. hxg3 b6 25. Nd6 Rf8 26. Qc3 a6 27. Rfe1 a5 28. a3 axb4 29. axb4 bxc5 30. bxc5 Rb8 31. Qxc4 Qxd6 32. Rxd6 Bxc4 33. Rc1 Bb5 34. Kf2 Rfc8 35. g4 Rc6 36. Kg3 Rxd6 37. cxd6 Rd8 38. Rd1 f6 39. Kf4 Kf7 40. g5 Bc6 41. gxf6 Kxf6 42. Kg4 Bd7+ 43. Kf4 g5+ 44. Kg3 Bf5 45. Ra1 Rxd6 46. Ra7 h5 47. Ra8 h4+ 48. Kh2 Ke5 49. Ra5+ Rd5 50. Ra4 Rd4 51. Ra2 Kf4 52. Re2 h3 53. gxh3 Rd3 54. Ra2 Kxf3 55. Rg2 Kf4 56.
Rf2+ Rf3 57. Ra2 Rxh3+ 58. Kg2 Re3 59.
Ra4+ Be4+ 60. Kf2 g4 0-1

[Variant "Standard"]
[Site "Europe Echecs"]

[Event "Championnat du monde jeunes U10"]
[Date "2024.11.19"]
[White "Zhou, Guoyu"]
[Black "Xia, Joshua"]
[WhiteElo "1809"]
[BlackElo "2052"]
[Round "5.9"]
[Result "1/2-1/2"]
[TimeControl "5400+30"]

1. d4 Nf6 2. c4 g6 3. Nc3 d5 4. Nf3 Bg7 5. Qb3 dxc4 6. Qxc4 O-O 7. e4 Nc6 8. Be2 e5 9. d5 Nd4 10. O-O Nxe2+ 11. Nxe2 Ne8 12. Bg5 f6 13. Bh4 Nd6 14. Qc2 g5 15. Bg3 Bg4 16. Ne1 Bd7 17. Nc3 Qe8 18. f3 Qg6 19. Nd3 b6 20. Nb4 h5 21. Nc6 Rf7 22. a4 a6 23. a5 b5 24. b3 Kh7 25. Na2 Re8 26. Nab4 Bc8 27. Nd3 h4 28. Bf2 f5 29. Nc5 h3 30. Bg3 f4 31. Be1 Qh5 32. g4 fxg3 33. Bxg3 Rxf3 34. Rxf3 Qxf3 35. Rf1 Qh5 36. Nb4 Qg6 37. Nbxa6 Bxa6 38. Nxa6 Nxe4 39. Nxc7 Rc8 40.
Rc1 Bf8 41. Qc6 Qxc6 42. Rxc6 Bc5+ 43.
Rxc5 Nxc5 44. Bxe5 Kg6 45. a6 Kf5 46. Bg3 Rxc7 47. Bxc7 Nxa6 48. Bd8 Nc5 49. d6 Ke6 50. Bxg5 Nxb3 51. Bf4 Nd4 52. Kf2 b4 53. d7 Kxd7 54. Be5 Nf5 55.
Kf3 Ke6 56. Bb2 Kd5 57. Kg4 Ne3+ 58.
Kxh3 Nd1 59. Ba1 Kc4 60. Kg3 1/2-1/2

[Variant "Standard"]
[Site "Europe Echecs"]

[Event "Championnat du monde jeunes U10"]
[Date "2024.11.19"]
[White "Filipovs, Sergejs"]
[Black "Anetov, Amirzhan"]
[WhiteElo "2012"]
[BlackElo "1767"]
[Round "5.10"]
[Result "1/2-1/2"]
[TimeControl "5400+30"]

1. e4 e5 2. Nf3 Nc6 3. d4 exd4 4. Nxd4 Bc5 5. Nxc6 Qf6 6. Qf3 bxc6 7. Be2 d5 8. exd5 cxd5 9. Bb5+ Kf8 10. Be3 Bxe3 11. Qxe3 c6 12. Qa3+ Qe7+ 13. Be2 Qxa3 14. Nxa3 Bf5 15. O-O-O Nf6 16. c4 g6 17. cxd5 cxd5 18. Bd3 Rc8+ 19. Kb1 Bxd3+ 20. Rxd3 Kg7 21. Nb5 a6 22. Nc3 Ne4 23. Nxe4 dxe4 24. Rd6 Rc5 25. Rc1 Rhc8 26. Rxc5 Rxc5 27. b4 Rf5 28. Rd2 Kf6 29. Kb2 Ke6 30. Kc3 Rh5 31. h3 Rg5 32. g3 Rh5 33. Rd4 Ke5 34. h4 Rf5 35. Rd2 Rf3+ 36. Kc4 Ra3 37. b5 axb5+ 38. Kxb5 f5 39. Kb4 Ra8 40. a4 h6 41. a5 g5 42.
hxg5 hxg5 43. Kb5 f4 44. gxf4+ gxf4 45.
a6 e3 46. fxe3 fxe3 47. Ra2 Ke4 48.
Kb6 Kd3 49. Kb7 Rh8 50. a7 e2 51. Rxe2 1/2-1/2

[Variant "Standard"]
[Site "Europe Echecs"]

[Event "Championnat du monde jeunes U10"]
[Date "2024.11.19"]
[White "Mulay, Vivan Prakash"]
[Black "Ivanovic, Leonid"]
[WhiteElo "1823"]
[BlackElo "1990"]
[Round "5.11"]
[Result "1/2-1/2"]
[TimeControl "5400+30"]

1. e4 c5 2. Nf3 e6 3. b3 b6 4. d4 cxd4 5. Nxd4 Bb7 6. Nd2 Qc7 7. Bb2 a6 8. Bd3 Nf6 9. O-O d5 10. exd5 Bxd5 11. c4 Bb7 12. Re1 Be7 13. Qe2 Nc6 14. Ne4 Qf4 15. g3 Nxd4 16. Bxd4 Qc7 17. Nxf6+ Bxf6 18. Bxf6 gxf6 19. Rad1 O-O-O 20. Be4 f5 21. Bxb7+ Kxb7 22. b4 Ka7 23. Rc1 h5 24. c5 h4 25. cxb6+ Qxb6 26. Qe5 hxg3 27. hxg3 Qb7 28. Qc5+ Ka8 29. Qc6 Rd6 30. Qxb7+ Kxb7 31. Rc4 Rhd8 32. Kg2 Rd2 33. a4 Ra2 34. a5 Rdd2 35. Rf4 Kc6 36. Re5 Rd5 37. Rc4+ Kb5 38. Rxd5+ exd5 39. Rd4 Kc6 40.
Rf4 Kd6 41. Rxf5 Ke6 42. g4 Rc2 43. Kg3 Rc3+ 44. f3 f6 45. Rh5 d4 46. b5 d3 47. Kf2 d2 48. Ke2 Rd3 49. Kd1 axb5 50. Rxb5 Rxf3 51. Kxd2 Rg3 52.
Rb4 Ra3 53. Rb6+ Ke5 54. a6 Ra4 55. Kc3 Rxg4 56. Rb5+ Kd6 57. Kb3 Rg1 58. Kb4 Rb1+ 59. Ka5 Rxb5+ 60. Kxb5 Kc7 1/2-1/2

[Variant "Standard"]
[Site "Europe Echecs"]

[Event "Championnat du monde jeunes U10"]
[Date "2024.11.19"]
[White "Ramesan, Raunak Amit"]
[Black "Ling, Chenxuan"]
[WhiteElo "1802"]
[BlackElo "1967"]
[Round "5.12"]
[Result "0-1"]
[TimeControl "5400+30"]

1. e4 e6 2. d4 d5 3. e5 c5 4. c3 Nc6 5. Nf3 Bd7 6. Be2 f6 7. O-O fxe5 8. Nxe5 Nxe5 9. dxe5 Qc7 10. Re1 O-O-O 11. Bd3 Ne7 12. Bd2 Nc6 13. Qe2 Be7 14. a4 c4 15. Bc2 Rdf8 16. Na3 a6 17. b4 cxb3 18. Bxb3 Rf5 19. Nc2 Rxe5 20. Qd3 Rxe1+ 21. Rxe1 Rf8 22. c4 Ne5 23. Qxh7 Qb6 24. Be3 Qxb3 25. Nd4 Qb4 26. Rb1 Qd6 27. c5 Qc7 28. Qxg7 Nc6 29. Nb5 axb5 30. axb5 Qe5 31. Qh7 Rh8 32. Qc2 Qxh2+ 33. Kf1 Qh1+ 34. Ke2 Qxg2 35. Qa4 Qe4 36. Qa8+ Nb8 37. c6 Qc2+ 38. Kf3 Rf8+ 39. Kg2 Rg8+ 40. Kf3 Rf8+ 41. Kg2 Qg6+ 42. Bg5 Qxg5+ 43. Kf1 Bxc6 44. bxc6 Rxf2+ 45. Kxf2 Qf5+ 46.
Kg3 Bd6+ 47. Kh4 Qxb1 48. cxb7+ Qxb7 49.
Qa4 Qb4+ 0-1

[Variant "Standard"]
[Site "Europe Echecs"]

[Event "Championnat du monde jeunes U10"]
[Date "2024.11.19"]
[White "Liu, Liam"]
[Black "Zhauynbay, Alimzhan"]
[WhiteElo "1783"]
[BlackElo "1953"]
[Round "5.13"]
[Result "0-1"]
[TimeControl "5400+30"]

1. d4 Nf6 2. c4 g6 3. Nc3 Bg7 4. e4 d6 5. Nf3 O-O 6. Be2 e5 7. Be3 Ng4 8. Bg5 f6 9. Bh4 Nc6 10. d5 Ne7 11. Nd2 f5 12. Bxg4 fxg4 13. O-O h6 14. f3 g5 15. Bf2 gxf3 16. Nxf3 Ng6 17. Be3 g4 18. Nd2 b6 19. g3 Bd7 20. Rxf8+ Qxf8 21. Qe2 h5 22. Rf1 Qe7 23. h4 Bf6 24. b4 a5 25. a3 axb4 26. axb4 Nf4 27. gxf4 exf4 28. e5 Bxe5 29. Bxf4 Bd4+ 30. Kg2 Qxh4 31. Rh1 Qf6 32. Be3 Bxc3 33. Ne4 Qf3+ 34. Qxf3 gxf3+ 35. Kxf3 Bg4+ 36. Kf4 Be5+ 37.
Kg5 Bf3 38. Rh4 Kg7 39. Bf4 Bd4 40. Bd2 Re8 41. Nxd6 Bf6+ 42. Kf5 cxd6 43. Bh6+ Kf7 44. Rh2 Bg4+ 45. Kf4 Be5+ 46. Ke3 Bxh2+ 47. Kd4 Bg1+ 48. Kc3 Be3 49. b5 Bxh6 50. c5 dxc5 51. Kc4 Re3 52. d6 Be6# 0-1

[Variant "Standard"]
[Site "Europe Echecs"]

[Event "Championnat du monde jeunes U10"]
[Date "2024.11.19"]
[White "Larion, Iustin"]
[Black "Seo, Juwon"]
[WhiteElo "1925"]
[BlackElo "1721"]
[Round "5.14"]
[Result "0-1"]
[TimeControl "5400+30"]

1. d4 Nf6 2. Nf3 e6 3. c4 d5 4. Nc3 Be7 5. Bg5 O-O 6. e3 Nbd7 7. Bd3 h6 8. Bh4 c5 9. cxd5 Nxd5 10. Bxe7 Qxe7 11. O-O b6 12. Nxd5 exd5 13. Rc1 Bb7 14. Qe2 Rac8 15. Rfd1 Rfe8 16. b3 g6 17. Bb5 Red8 18. h3 Nf6 19. Ne5 Ne4 20. Qf3 Kg7 21. Qf4 cxd4 22. Rxc8 Rxc8 23. Rxd4 Rc1+ 24. Kh2 Nxf2 25. Qxf2 Qxe5+ 26. g3 Qc7 27. Rc4 Rh1+ 28. Kxh1 dxc4+ 29. Kh2 cxb3 30. axb3 Qc1 31.
e4 Qd1 32. Bc4 Qd7 33. Qe2 Qd4 34. Bd3 Qe5 35. Qc2 b5 36. h4 a6 37. Kh3 Qe6+ 38. Kg2 Qe5 39. Kh2 Qd4 40. Qe2 b4 41. Qc2 Qc3 42. Qd1 Qb2+ 43. Kh3 Bc8+ 44. g4 h5 45. Kg3 Bxg4 46. Qf1 Qxb3 47. Qa1+ Kh7 48. Qf1 a5 49. Kh2 a4 50. Bc4 Qb2+ 51. Kh1 f5 52. Qf4 Qb1+ 53. Kh2 Qc2+ 54. Kg1 Qxc4 55. Qe5 Qc1+ 56. Kh2 Qd2+ 57. Kg1 Qd7 58. exf5 Bxf5 59. Qe3 b3 60. Qe1 b2 0-1

[Variant "Standard"]
[Site "Europe Echecs"]

[Event "Championnat du monde jeunes U10"]
[Date "2024.11.19"]
[White "Mutyalapati, Modith Aaroh"]
[Black "Mikkelsen, Anders Askjaer"]
[WhiteElo "1893"]
[BlackElo "1745"]
[Round "5.15"]
[Result "1-0"]
[TimeControl "5400+30"]

1. e4 e6 2. d4 d5 3. Nc3 Nf6 4. Bg5 Be7 5. e5 Nfd7 6. Bxe7 Qxe7 7. f4 a6 8. Nf3 c5 9. Qd2 Nc6 10. dxc5 Nxc5 11. Qe3 O-O 12. f5 f6 13. fxe6 Bxe6 14. O-O-O Rad8 15. exf6 Rxf6 16. Nd4 Bg4 17. Qxe7 Nxe7 18. Be2 Bxe2 19. Ndxe2 Rfd6 20. Rhe1 Re6 21. Nf4 Rxe1 22. Rxe1 Kf7 23. Re5 Kf6 24. Rh5 g5 25. Nh3 Ne6 26. Rxh7 Rg8 27. Nf2 Rg7 28. Rh8 Ke5 29. Rh3 Nf5 30. Ng4+ Kd6 31. Nf6 Rf7 32. Nfxd5 Nfd4 33. Rd3 Rf1+ 34.
Rd1 Rxd1+ 35. Kxd1 b5 36. Ne3 Nf4 37. Ne4+ Ke5 38. Nxg5 a5 39. c3 Nc6 40.
Kd2 b4 41. g3 Ng6 42. Kd3 bxc3 43. bxc3 a4 44. Nc4+ Kf5 45. Nf3 Kg4 46. Ke4 Nf8 47. Nfe5+ Nxe5 48. Nxe5+ Kh3 49.
g4 Kh4 50. Kf5 Nh7 51. c4 Ng5 52. Ng6+ 1-0

[Variant "Standard"]
[Site "Europe Echecs"]

[Event "Championnat du monde jeunes U10"]
[Date "2024.11.19"]
[White "Azimov, Yasin"]
[Black "Melkonyan, Davit"]
[WhiteElo "1759"]
[BlackElo "1842"]
[Round "5.16"]
[Result "1-0"]
[TimeControl "5400+30"]

1. d4 d5 2. Bf4 Nf6 3. Nc3 c5 4. e3 a6 5. Qd2 Nc6 6. f3 cxd4 7. exd4 Bf5 8. g4 Bg6 9. a3 e6 10. h4 h5 11. g5 Ng8 12. Bd3 Nge7 13. Bxg6 Nxg6 14. Nge2 Bd6 15. Bxd6 Qxd6 16. Kf2 Nce7 17. Ng3 Nf4 18. Rae1 Rc8 19. Nce2 Nxe2 20. Rxe2 Kd7 21. f4 g6 22. Rhe1 Rhe8 23. Kf3 Nc6 24. Re3 Qc7 25. c4 Ne7 26. c5 b6 27. b4 bxc5 28. dxc5 Qb7 29. Kf2 Qc6 30. Ne4 Nf5 31. Nf6+ Ke7 32. Re5 Red8 33. Rxd5 Rxd5 34. Nxd5+ Kf8 35. Nf6 Nxh4 36. Ne4 Nf5 37. Qc3 Kg8 38. Nf6+ Kf8 39. Rd1 Nh4 40. Qg3 Nf5 41. Qd3 Qc7 42. Nd7+ Ke8 43. Ne5 Ne7 44. Qxa6 Nd5 45. Kf3 Qb8 46. Qa4+ Ke7 47. Qd7+ 1-0

[Variant "Standard"]
[Site "Europe Echecs"]

[Event "Championnat du monde jeunes U10"]
[Date "2024.11.19"]
[White "Mirzhanov, Arlan"]
[Black "Nguyen Truong An Khang"]
[WhiteElo "1721"]
[BlackElo "1836"]
[Round "5.17"]
[Result "1-0"]
[TimeControl "5400+30"]

1. e4 c6 2. d4 d5 3. e5 c5 4. dxc5 e6 5. a3 Bxc5 6. b4 Bb6 7. Bd3 Ne7 8. Bb2 Ng6 9. Nf3 Nc6 10. b5 Na5 11. h4 Nf4 12. Bf1 Bd7 13. g3 Ng6 14. Nbd2 Qc7 15. a4 Rc8 16. Bd3 Ne7 17. Kf1 h6 18. Ba3 Qc3 19. Qb1 Bc5 20. Bb2 Qb4 21. h5 Bb6 22. Rh4 Qc5 23. Nd4 Qc7 24. f4 O-O 25. N2f3 Nc4 26. Kg2 Ne3+ 27. Kh2 Bxd4 28. Nxd4 N3f5 29. Rh3 Qc5 30. Qg1 Qb4 31. Nb3 d4 32. Ba3 Qc3 33. g4 Ne3 34. Bxe7 Rfe8 35. Bd6 Kh8 36. Nxd4 Qd2+ 37. Kh1 Nd5 38. Ne2 Nxf4 39. Nxf4 Qxf4 40. Qg2 Qg5 41. Qe4 g6 42. hxg6 fxg6 43. Rh5 Qxh5+ 44. gxh5 Rg8 45. Rg1 Be8 46. Be7 Rc7 47. Bf6+ Rcg7 48. Rxg6 Rf8 49. Rxh6+ Kg8 50. Rh8+ Kf7 51. Qg6+ 1-0

[Variant "Standard"]
[Site "Europe Echecs"]

[Event "Championnat du monde jeunes U10"]
[Date "2024.11.19"]
[White "Akramov, Khasan"]
[Black "Li, Weilong"]
[WhiteElo "1835"]
[BlackElo "1735"]
[Round "5.18"]
[Result "1/2-1/2"]
[TimeControl "5400+30"]

1. c4 e5 2. g3 Nf6 3. Bg2 d5 4. cxd5 Nxd5 5. Nf3 Nc6 6. Nc3 Nb6 7. O-O Be7 8. b3 O-O 9. Bb2 Re8 10. Rc1 Bf5 11. d3 Qd7 12. Ne4 f6 13. Nc5 Bxc5 14. Rxc5 Bh3 15. Qc1 Bxg2 16. Kxg2 a5 17. a4 Qe6 18. Nd2 Nd7 19. Rc4 Qd5+ 20. Kg1 Rac8 21. Rh4 Ne7 22. Qc4 Nb6 23. Qxd5+ Nbxd5 24. Rc4 Kf7 25. Rfc1 Nc6 26. Ne4 Nb6 27. Rc5 Nd7 28. Rb5 Rb8 29. Nc5 Nxc5 30. Rbxc5 Ke6 31. e3 Red8 32. d4 exd4 33. exd4 Rd5 34. Rxd5 Kxd5 35. Rc5+ Kd6 36. Ba3 Kd7 37. d5 Nd4 38. Rxa5 Nxb3 39. Rb5 Nd4 40. Rb2 b5 41. Bc5 Nf3+ 42. Kf1 c6 43. dxc6+ Kxc6 44. Ba7 Rb7 45. axb5+ Rxb5 46. Rxb5 Kxb5 47. h4 Kc4 48. Be3 Kd3 49. Bc5 Nd2+ 50. Kg2 Ke4 51. h5 Nf3 52. Bf8 g5 53. hxg6 hxg6 54. g4 Kf4 55. Be7 Kxg4 56. Bxf6 g5 57. Bxg5 Nxg5 58. f4 Kxf4 1/2-1/2

[Variant "Standard"]
[Site "Europe Echecs"]

[Event "Championnat du monde jeunes U10"]
[Date "2024.11.19"]
[White "Deepak Ambattu, Rithvik"]
[Black "Todmunkh, Turbat"]
[WhiteElo "2063"]
[BlackElo "1773"]
[Round "5.19"]
[Result "1-0"]
[TimeControl "5400+30"]

1. e4 e5 2. Nf3 Nc6 3. Bb5 a6 4. Ba4 Nf6 5. O-O Be7 6. Re1 b5 7. Bb3 O-O 8. d3 d6 9. c3 Na5 10. Bc2 c5 11. Nbd2 Nc6 12. Nf1 h6 13. h3 Re8 14. Ng3 Bf8 15. d4 Bb7 16. d5 Na5 17. Nf5 Bc8 18. g4 Bxf5 19. gxf5 Nh7 20. Kh2 Kh8 21. Rg1 Be7 22. b3 Nb7 23. Qe2 Qd7 24. Bd2 a5 25. Bd3 c4 26. bxc4 bxc4 27. Bxc4 Rec8 28. Bb5 Qd8 29. Bc6 Rab8 30. c4 Nc5 31. Bc3 Ng5 32. Nd2 Bf8 33. Rab1 a4 34. Qe3 f6 35. f3 Rxb1 36. Rxb1 Rb8 37. Rb5 Be7 38. Qe2 Qc8 39. Qf1 Kh7 40. Qb1 Rxb5 41. cxb5 g6 42. h4 Nf7 43. fxg6+ Kxg6 44. Qg1+ Kh7 45. Nc4 f5 46. Nb6 Qc7 47. exf5 Qxb6 48. Qg6+ Kh8 49. Qxf7 Nd3 50. Qe8+ Bf8 51. Qxf8+ Kh7 52. Qf7+ Kh8 53. Qe8+ Kh7 54. Qd7+ 1-0

[Variant "Standard"]
[Site "Europe Echecs"]

[Event "Championnat du monde jeunes U10"]
[Date "2024.11.19"]
[White "Fuentes de Nova, Sebastian"]
[Black "Blekh, Erik"]
[WhiteElo "1929"]
[BlackElo "1790"]
[Round "5.20"]
[Result "1-0"]
[TimeControl "5400+30"]

1. d4 Nf6 2. Bg5 g6 3. Bxf6 exf6 4. c4 d5 5. cxd5 Qxd5 6. Nc3 Qd8 7. g3 Nd7 8. Bg2 c6 9. e3 Bd6 10. Nge2 O-O 11. O-O f5 12. e4 fxe4 13. Nxe4 Be7 14. N2c3 Nf6 15. Nxf6+ Bxf6 16. d5 cxd5 17. Bxd5 Bh3 18. Re1 Rb8 19. Qb3 b5 20. Rad1 Qb6 21. Ne4 Bg4 22. Bxf7+ Rxf7 23. Rd6 Qa5 24. Nxf6+ Kf8 25. Qe3 Bf5 26. g4 Kg7 27. gxf5 Rxf6 28. Rxf6 Kxf6 29. Qe7+ Kxf5 30.
Qe5+ Kg4 31. Re4+ 1-0

[Variant "Standard"]
[Site "Europe Echecs"]

[Event "Championnat du monde jeunes U10"]
[Date "2024.11.19"]
[White "Nguyen Minh"]
[Black "Ejsymont, Eryk"]
[WhiteElo "1760"]
[BlackElo "1910"]
[Round "5.21"]
[Result "1/2-1/2"]
[TimeControl "5400+30"]

1. d4 Nf6 2. c4 e6 3. Nf3 d5 4. Nc3 dxc4 5. e3 a6 6. Bxc4 b5 7. Bd3 Bb7 8. O-O c5 9. Qe2 cxd4 10. Nxd4 Bd6 11. Rd1 Qe7 12. e4 Nbd7 13. Bg5 b4 14. Na4 h6 15. Bd2 Bxh2+ 16. Kxh2 Qd6+ 17. f4 Qxd4 18. Re1 h5 19. Be3 Ng4+ 20. Kg1 Nxe3 21. Qxe3 Qxe3+ 22. Rxe3 Rc8 23. b3 Nc5 24. Nxc5 Rxc5 25. Bc4 Ke7 26. Rd1 Rcc8 27. Kf2 Rcd8 28. Rxd8 Rxd8 29. Bd3 a5 30. Bc2 Ba6 31. Ke1 Rd4 32. Rg3 Bb7 33. Ke2 g6 34. Rg5 1/2-1/2

[Variant "Standard"]
[Site "Europe Echecs"]

[Event "Championnat du monde jeunes U10"]
[Date "2024.11.19"]
[White "Meitzner, Jonathan Franz"]
[Black "Aguike, Toshiya"]
[WhiteElo "1876"]
[BlackElo "1716"]
[Round "5.22"]
[Result "1-0"]
[TimeControl "5400+30"]

1. d4 Nf6 2. Nf3 g6 3. Bf4 Bg7 4. e3 d5 5. Be2 O-O 6. h3 Nbd7 7. O-O Re8 8. Bh2 c5 9. c3 e6 10. Nbd2 b6 11. Re1 Bb7 12. Bd6 Rc8 13. Qb3 Bf8 14. Bxf8 Rxf8 15. a4 Re8 16. Ne5 Nxe5 17. dxe5 Nd7 18. f4 f6 19. exf6 Nxf6 20. Bf3 c4 21. Qc2 e5 22. Rad1 Qc7 23. g3 Re7 24. Bg2 Rce8 25. Nf3 exf4 26. exf4 Qc5+ 27. Kh2 Rxe1 28. Rxe1 Rxe1 29. Nxe1 Bc6 30. Nf3 Qa5 31. Qe2 Ne4 32. Ne5 Qxa4 33. Bxe4 dxe4 34. Qxc4+ Qxc4 35. Nxc4 b5 36. Ne5 Bd5 37. Kg1 Kg7 38. Kf2 h6 39. Ke3 g5 40. Ng4 h5 41. Nf2 Kg6 42. fxg5 Kxg5 43. Nxe4+ Kg6 44. b4 a6 45. Nc5 Bg2 46. h4 Kf5 47. Nxa6 Kg4 48. Kf2 Bh1 49. Nc7 Bc6 50. Ne6 Be8 51. Nf4 Bf7 52. Nd3 Bd5 53. Ne5+ Kf5 54. Nf3 Kg4 55. Nd4 Bc4 56. Nc2 Be6 57. Ne3+ Kh3 58. Kf3 Kh2 59. g4 Kh3 60. gxh5 Kxh4 61. h6 Bg8 62. Nf5+ Kg5 63. Nd6 Kxh6 64. Nxb5 Kg6 65. Nc7 Kf6 66. Ke4 Ke7 67. Kd4 Kd7 68. Nd5 Be6 69. c4 Kc8 70. Kc5 Kb7 71. Kd6 Bf7 72. c5 Bh5 73. c6+ Kc8 74. Ne7+ Kb8 75. c7+ Ka7 76. c8=Q Bf3 77. Qc7+ Ka6 78. Kc5 Bd5 79. Qb6# 1-0

[Variant "Standard"]
[Site "Europe Echecs"]

[Event "Championnat du monde jeunes U10"]
[Date "2024.11.19"]
[White "Makhsatuly, Rakhim"]
[Black "Mrozowski, Nikodem"]
[WhiteElo "1683"]
[BlackElo "1874"]
[Round "5.23"]
[Result "0-1"]
[TimeControl "5400+30"]

1. e4 g6 2. d4 d6 3. Nc3 Bg7 4. g3 Nf6 5. Bg2 O-O 6. Nge2 c6 7. a4 Nbd7 8. h3 e5 9. Be3 Qc7 10. O-O h5 11. Re1 Re8 12. Qd2 Nf8 13. Rad1 Bd7 14. f4 Rad8 15. d5 cxd5 16. exd5 Bh6 17. fxe5 Bxe3+ 18. Qxe3 Rxe5 19. Qxa7 Rde8 20. Qf2 N8h7 21. Rf1 Bxa4 22. Nd4 Bd7 23. Rd3 Qb6 24. Ndb5 Qxb5 25. Nxb5 Bxb5 26. Qb6 Bxd3 27. cxd3 Re2 28. Qxb7 Rd2 29. Be4 Kg7 30. h4 Nf8 31. Qc6 N8d7 32. Qc3 Re2 33. Rf2 Re3 34. Rf3 Rxf3 35. Bxf3 Ne5 36. Kf2 Kh7 37. Kg2 Nfg4 38. Be2 Ne3+ 39. Kg1 Rb8 40. b4 Nxd5 41. Qd4 Rb5 42. Kf2 Kg7 43. Ke1 Kf6 44. Bf1 Ke6 45. Bg2 Nxb4 46. Kd2 Nbxd3 47. Qc3 Rb2+ 48. Ke3 Rxg2 49.
Qc8+ Kf6 50. Qd8+ Kg7 51. Qxd6 Nc4+ 0-1

[Variant "Standard"]
[Site "Europe Echecs"]

[Event "Championnat du monde jeunes U10"]
[Date "2024.11.19"]
[White "Zabelin, Platon"]
[Black "Tugsbilguun, Davganamdag"]
[WhiteElo "1870"]
[BlackElo "1660"]
[Round "5.24"]
[Result "1-0"]
[TimeControl "5400+30"]

1. d4 e6 2. c4 f5 3. Nc3 Nf6 4. Nf3 Bb4 5. Bd2 b6 6. g3 Bb7 7. Bg2 O-O 8. O-O d6 9. Re1 Bxc3 10. bxc3 Qe7 11. Bc1 Nbd7 12. Ng5 Bxg2 13. Kxg2 h6 14. Nf3 Ne4 15. Qc2 c5 16. Nd2 Ndf6 17. f3 Nxd2 18. Bxd2 Rac8 19. Qd3 Rc7 20. d5 exd5 21. cxd5 c4 22. Qxf5 Rc5 23. e4 Nd7 24. Qe6+ Qxe6 25. dxe6 Ne5 26. f4 Nd3 27. Re2 g6 28. Rf1 Rf6 29. f5 Re5 30. g4 gxf5 31. gxf5 d5 32. Bf4 Rxe4 33. Rxe4 dxe4 34. Be3 1-0

[Variant "Standard"]
[Site "Europe Echecs"]

[Event "Championnat du monde jeunes U10"]
[Date "2024.11.19"]
[White "Kazimzade, Mahammad"]
[Black "Gusev, Daniil Den"]
[WhiteElo "1687"]
[BlackElo "1863"]
[Round "5.25"]
[Result "1-0"]
[TimeControl "5400+30"]

1. d4 Nf6 2. c4 g6 3. Nc3 Bg7 4. g3 O-O 5. Bg2 d6 6. Nf3 Nbd7 7. O-O e5 8. Qc2 exd4 9. Nxd4 a5 10. Rd1 Nc5 11. Ndb5 Bf5 12. e4 Be6 13. e5 Bf5 14. Qe2 Re8 15. f4 Nfd7 16. Be3 g5 17. exd6 gxf4 18. gxf4 Re6 19. Nxc7 Rg6 20. N3d5 Bf8 21. Kh1 Rc8 22. Bxc5 Nxc5 23. Ne7+ Bxe7 24. dxe7 Qxc7 25. e8=Q+ Rxe8 26. Qxe8+ Kg7 27. Rd8 Qxf4 28.
Qf8+ Kf6 29. Qxc5 Qe4 30. Rd6+ 1-0

[Variant "Standard"]
[Site "Europe Echecs"]

[Event "Championnat du monde jeunes U10"]
[Date "2024.11.19"]
[White "Wang, Rocky"]
[Black "Barsov, Mikhail"]
[WhiteElo "1853"]
[BlackElo "1668"]
[Round "5.26"]
[Result "1-0"]
[TimeControl "5400+30"]

1. e4 c6 2. d4 d5 3. e5 c5 4. dxc5 e6 5. a3 Bxc5 6. Nf3 Nd7 7. Bd3 a5 8. Nc3 b6 9. O-O Ba6 10. Nb5 Ne7 11. Bf4 Ng6 12. Bg3 O-O 13. Re1 Qc8 14. c3 Qc6 15. a4 Qb7 16. Ng5 Be7 17. Qh5 Bxg5 18. Qxg5 Nc5 19. Bc2 Qd7 20. Nd4 Bd3 21. Bd1 Ne4 22. Qe3 Nxg3 23. hxg3 Bc4 24. Be2 Bxe2 25. Qxe2 Rac8 26. Qd3 Qc7 27. f4 Qc4 28. Qe3 Ne7 29. g4 Nc6 30. Nb5 Qc5 31. Kf2 Qxe3+ 32. Kxe3 g5 33. g3 Kg7 34. Kd3 h6 35. Re2 Ne7 36. Nd6 Rc6 37. f5 Nc8 38. Nb5 Rc4 39. Nd4 Re8 40. b3 Rc7 41. Rf1 Kg8 42. fxe6 fxe6 43. Rf6 Rce7 44. Rh2 Na7 45. Rhxh6 Nc8 46. Nxe6 Na7 47. Rfg6+ Kf7 48. Rg7# 1-0

[Variant "Standard"]
[Site "Europe Echecs"]

[Event "Championnat du monde jeunes U10"]
[Date "2024.11.19"]
[White "Aitmukhanov, Arsen"]
[Black "Buklaho, Ignacy"]
[WhiteElo "1579"]
[BlackElo "1822"]
[Round "5.27"]
[Result "0-1"]
[TimeControl "5400+30"]

1. e4 c5 2. Nf3 e6 3. g3 Nc6 4. Bg2 d6 5. O-O Nf6 6. d3 Be7 7. Nbd2 O-O 8. b3 b6 9. e5 Nd7 10. exd6 Bxd6 11. Nc4 Bc7 12. d4 Bb7 13. Bb2 Rb8 14. dxc5 Nxc5 15. Qe2 Qe7 16. Ne3 Rfe8 17. Nd2 Rbd8 18. Rfe1 Be5 19. Bxe5 Nxe5 20. Ndc4 Bxg2 21. Nxg2 Nc6 22. Nce3 Nd4 23. Qh5 g6 24. Qh6 Nf3+ 25. Kh1 Nxe1 26. Rxe1 Ne4 27. f3 Qg5 28. Qxg5 Nxg5 29. Rf1 f5 30. f4 Nf7 31. a4 e5 32. Nc4 exf4 33. Nxf4 Ne5 34. Ne3 Rd2 35. Nfd5 Kg7 36. h3 Nc6 37. c3 Rd3 38. Rf3 Ne5 39. Rf2 Rd8 40. c4 Rxb3 41. Rc2 Rd3 42. Kg2 Rd4 43. c5 R4xd5 44. Nxd5 Rxd5 45. cxb6 axb6 46.
Rb2 Ra5 47. Rxb6 Rxa4 48. Rb7+ Kh6 49.
h4 Ng4 50. Rb2 Ra3 51. Kh3 Nf6 52. Rf2 Ne4 53. Rg2 f4 54. Kg4 Rxg3+ 55. Rxg3 fxg3 56. h5 g2 57. Kh3 g1=Q 58. Kh4 g5+ 59. Kh3 Nf2# 0-1

[Variant "Standard"]
[Site "Europe Echecs"]

[Event "Championnat du monde jeunes U10"]
[Date "2024.11.19"]
[White "Dayal, Samar"]
[Black "Burba, Mikita"]
[WhiteElo "1818"]
[BlackElo "1528"]
[Round "5.28"]
[Result "1-0"]
[TimeControl "5400+30"]

1. e4 c5 2. Nf3 Nc6 3. d4 cxd4 4. Nxd4 g6 5. Nc3 Bg7 6. Be3 Nf6 7. Bc4 O-O 8. Bb3 Re8 9. f3 e6 10. f4 d6 11. Qf3 Nxd4 12. Bxd4 Bd7 13. h3 Bc6 14. O-O-O Qc7 15. g4 b5 16. g5 Nh5 17. Bxg7 Kxg7 18. Ne2 Kg8 19. Nd4 Rac8 20. Rh2 a5 21. a3 Qb7 22. Nxc6 Qxc6 23. Rf1 a4 24. Ba2 Ng7 25. h4 Qc5 26. h5 gxh5 27. f5 exf5 28. exf5 Qe5 29. f6 Ne6 30. Bxe6 Rxe6 31. Qxh5 Qe4 32. Rfh1 Kf8 33. Qxh7 Qxh7 34. Rxh7 Ke8 35. Rh8+ Kd7 36. Rxc8 Kxc8 37. g6 Re8 38. g7 Kd7 39. Rh8 Re1+ 40. Kd2 Rg1 41. g8=Q Rxg8 42.
Rxg8 Ke6 43. Rb8 Kxf6 44. Rxb5 Ke6 45.
b3 f5 46. bxa4 d5 47. a5 f4 48. a6 f3 49. a7 f2 50. Ke2 d4 51. a8=Q d3+ 52. Kxf2 dxc2 53. Qc6+ Ke7 54. Rb7+ Kd8 55. Qd7# 1-0

[Variant "Standard"]
[Site "Europe Echecs"]